 Dungeon Crawl Stone Soup version 0.24-a0-434-gd57e52fea8 (webtiles) character file.

Game seed: 13711780672691261048

2051 Peloso the Carver (level 9, -2/75 HPs)
             Began as a Minotaur Fighter on June 16, 2019.
             Was a Follower of Okawaru.
             Slain by an orc warrior
             ... wielding a +0 mace
              (14 damage)
             ... on level 7 of the Dungeon.
             The game lasted 00:16:16 (5195 turns).

Peloso the Carver (Minotaur Fighter)                Turns: 5195, Time: 00:16:17

Health: -2/75      AC: 14    Str: 23    XL:     9   Next: 4%
Magic:  8/8        EV:  6    Int:  5    God:    Okawaru [*.....]
Gold:   187        SH: 18    Dex: 11    Spells: 8/8 levels left

rFire    + . .     SeeInvis .   a - +0 long sword
rCold    + . .     Gourm    .   c - +1 shield
rNeg     . . .     Faith    .   q - +1 plate armour {rC+}
rPois    .         Spirit   .   (helmet restricted)
rElec    .         Reflect  +   (no cloak)
rCorr    .         Harm     .   (no gloves)
MR       .....                  s - +2 pair of boots
Stlth    ..........             E - +6 amulet of reflection
HPRegen  0.22/turn              h - ring of protection from fire
MPRegen  0.11/turn              A - -3 ring of protection (curse)

@: no status effects
A: retaliatory headbutt, horns 2
a: Heroism, Renounce Religion


You were on level 7 of the Dungeon.
You worshipped Okawaru.
Okawaru was aware of your devotion.
You were not hungry.

You visited 2 branches of the dungeon, and saw 8 of its levels.

You collected 343 gold pieces.
You spent 156 gold pieces at shops.

Inventory:

Hand Weapons
 a - a +0 long sword (weapon)
Armour
 b - a +0 chain mail
 c - a +1 shield (worn)
 q - a +1 plate armour of cold resistance (worn)
 s - a +2 pair of boots (worn)
Jewellery
 h - a ring of protection from fire (left hand)
 u - an uncursed ring of protection from fire
 A - a cursed -3 ring of protection (right hand)
 E - a +6 amulet of reflection (around neck)
Wands
 o - a wand of acid (11)
 y - a wand of polymorph (4)
 z - a wand of paralysis (7)
Scrolls
 e - a scroll of fog
 j - a scroll of amnesia {unknown}
 l - 2 scrolls of noise
 m - 5 scrolls of enchant armour
 n - 3 scrolls of teleportation
 t - a scroll of enchant weapon
 B - 2 scrolls of magic mapping
 C - a scroll of remove curse
 F - a scroll of identify
Potions
 d - 2 potions of agility
 g - 3 potions of curing
 i - 2 potions of brilliance
 k - a potion of mutation
 p - a potion of magic {unknown}
 r - a potion of invisibility {unknown}
 v - 3 potions of heal wounds
 w - 2 potions of flight
 x - 2 potions of lignification
 D - a potion of resistance {unknown}
 G - a potion of cancellation {unknown}
Comestibles
 f - 19 rations


   Skills:
 + Level 6.0 Fighting
 + Level 8.6 Long Blades
 + Level 7.5 Armour
 + Level 2.1 Dodging
 + Level 1.0 Stealth
 + Level 8.3 Shields
 + Level 0.1 Unarmed Combat


You had 8 spell levels left.
You didn't know any spells.
Your spell library contained the following spells:

 Spells                   Type           Power        Failure   Level  Hunger
 Beastly Appendage        Tmut           #.....       100%        1    ##.....
 Sticks to Snakes         Tmut           #.......     100%        2    ###....
 Spider Form              Tmut/Pois      #.........   100%        3    ####...
 Ice Form                 Ice/Tmut       #.......     100%        4    #####..
 Blade Hands              Tmut           #.........   100%        5    ######.


Dungeon Overview and Level Annotations

Branches:
Dungeon (7/15)             Temple (1/1) D:5

Altars:
Ashenzari
Cheibriados
Dithmenos
Elyvilon
Fedhas
Gozag
Hepliaklqana
Kikubaaqudgha
Makhleb
Nemelex Xobeh
Okawaru
Qazlal
Ru
Sif Muna
Trog
Uskayaw
Wu Jian
Xom
Zin
The Shining One

Shops:
D:4 !

Annotations:
D:4 1 runed translucent door, xoxolimbo's ghost, amateur DsFE


Innate Abilities, Weirdness & Mutations

You reflexively headbutt those who attack you in melee.
You have a pair of horns on your head.


Message History

The orc warrior is heavily wounded.
The orc warrior hits you with a +0 mace.
You hit the orc warrior but do no damage.
You headbutt the orc warrior.
The orc warrior is severely wounded.
You hit the orc warrior but do no damage.
The orc warrior is severely wounded.
The orc warrior hits you with a +0 mace!
* * * LOW HITPOINT WARNING * * *
You slash the orc warrior!
The orc warrior is almost dead.
The orc warrior hits you with a +0 mace.
* * * LOW HITPOINT WARNING * * *
You closely miss the orc warrior.
The orc warrior is almost dead.
You block the orc warrior's attack.
You closely miss the orc warrior. You headbutt the orc warrior.
The orc warrior is almost dead.
The orc warrior hits you with a +0 mace!
You die...

.# #. .# #.
.###### #.(
....... #.#
z.... #.# ..z
#.#####z#####
#..@oozz....#
#..####.###.#
#..# ... #..#
.#.# #..#
.#.# #..# .#
# #..# .#
#..# .#
#..######


You could see an orc warrior, 3 wights and an orc.

Vanquished Creatures
  Prince Ribbit (D:6)
  Sigmund (D:2)
  Duvessa (D:6)
  An orc warrior (D:6)
  A phantom (D:5)
  A sky beast (D:5)
  An ogre (D:5)
  A bullfrog (D:3)
  Dowan (D:6)
  A scorpion (D:3)
  3 wights (D:5)
  A crimson imp (D:5)
  A centaur zombie (D:6)
  A bullfrog zombie (D:5)
  2 hounds
  3 orc priests
  A centaur skeleton (D:4)
  A gnoll shaman (D:4)
  4 orc wizards
  An iguana (D:4)
  Natasha (thrice) (D:2)
  4 worker ants
  A hound zombie (D:6)
  Robin (D:4)
  A worker ant zombie (D:5)
  10 adders
  6 gnolls
  A shadow imp (D:6)
  An adder zombie (D:6)
  An adder skeleton (D:5)
  4 worms
  3 dart slugs
  3 leopard geckos
  25 orcs
  3 ball pythons
  7 bats
  6 giant cockroaches
  17 goblins
  9 hobgoblins
  7 jackals (D:1)
  5 quokkas
  3 frilled lizards
  A jackal skeleton (D:6)
  4 kobolds
  2 rats
156 creatures vanquished.

Notes
Turn   | Place    | Note
-------+----------+-------------------------------------------
     0 | D:1      | Peloso the Minotaur Fighter began the quest for the Orb.
     0 | D:1      | Reached XP level 1. HP: 19/19 MP: 0/0
    78 | D:1      | Reached XP level 2. HP: 27/27 MP: 1/1
   362 | D:1      | Reached XP level 3. HP: 33/33 MP: 2/2
   766 | D:2      | Reached XP level 4. HP: 30/40 MP: 3/3
  1102 | D:2      | Noticed Sigmund
  1118 | D:2      | Killed Sigmund
  1118 | D:2      | Reached skill level 5 in Armour
  1118 | D:2      | Reached skill level 1 in Dodging
  1118 | D:2      | Reached XP level 5. HP: 37/47 MP: 4/4
  1189 | D:2      | Noticed Natasha
  1196 | D:2      | Killed Natasha
  1196 | D:2      | Reached XP level 6. HP: 33/53 MP: 5/5
  1451 | D:2      | Noticed Natasha
  1463 | D:2      | Killed Natasha
  1546 | D:2      | Noticed Natasha
  1563 | D:2      | Killed Natasha
  1563 | D:2      | Reached skill level 5 in Long Blades
  1647 | D:3      | Reached skill level 5 in Shields
  2042 | D:3      | Reached XP level 7. HP: 56/60 MP: 6/6
  2583 | D:4      | Found Qotaschofau's Distillery.
  2591 | D:4      | Bought a potion of heal wounds for 65 gold pieces
  2591 | D:4      | Bought a potion of degeneration for 13 gold pieces
  2591 | D:4      | Bought a potion of flight for 39 gold pieces
  2591 | D:4      | Bought a potion of lignification for 39 gold pieces
  2666 | D:4      | Found a runed translucent door.
  2666 | D:4      | Noticed xoxolimbo's ghost (amateur DsFE)
  2691 | D:4      | Noticed Robin
  2712 | D:4      | Killed Robin
  2948 | D:4      | Reached skill level 5 in Fighting
  3155 | D:5      | Entered Level 5 of the Dungeon
  3172 | D:5      | Reached XP level 8. HP: 50/68 MP: 7/7
  3248 | D:5      | Found a staircase to the Ecumenical Temple.
  3253 | Temple   | Entered the Ecumenical Temple
  3417 | Temple   | Became a worshipper of Warmaster Okawaru
  4311 | D:6      | Noticed Duvessa
  4311 | D:6      | Noticed Dowan
  4324 | D:6      | Killed Duvessa
  4324 | D:6      | Reached * piety under Okawaru
  4341 | D:6      | Killed Dowan
  4623 | D:6      | Noticed Prince Ribbit
  4705 | D:6      | Reached skill level 1 in Stealth
  4946 | D:6      | Killed Prince Ribbit
  4946 | D:6      | Reached XP level 9. HP: 40/75 MP: 8/8
  5195 | D:7      | Slain by an orc warrior

Levels and vault maps discovered:
D:1:      lightli_arrival_statue_moat, layout_loops_ring, minmay_pentomino_r4
D:2:      layout_loops_ring, uniq_natasha, uniq_sigmund
D:3:      layout_loops_ring
D:4:      layout_rooms, first_ration, gammafunk_ghost_grave, serial_shops, shop,
          uniq_robin
D:5:      layout_cave_pods, minmay_temple_entry_glassed_door
D:6:      layout_basic, serial_glass, glass_columns_b, glass_columns_a,
          uniq_duvessa, uniq_prince_ribbit1
D:7:      layout_basic, nemelex_dance_club_becter, uniq_pikel
Temple:   roderic_octagonal_lattice_temple

Skill      XL: |  1  2  3  4  5  6  7  8 |
---------------+-------------------------+-----
Shields        | 4 5 6 8 |  8.3
Armour         | 4 5 6 7 |  7.5
Fighting       | 4 5 6 |  6.0
Long Blades    | 3 4 5 6 8 |  8.6
Dodging        | 1 2 |  2.1
Stealth        | 1 |  1.0
Unarmed Combat | |  0.1

Action                   |  1- 3 |  4- 6 |  7- 9 || total
-------------------------+-------+-------+-------++-------
Melee: Long sword        |    73 |   130 |   358 ||   561
       Headbutt          |     6 |    24 |    62 ||    92
       Unarmed           |       |     2 |       ||     2
Evoke: Wand              |       |       |     2 ||     2
  Use: Potion            |       |     1 |       ||     1
       Scroll            |       |     4 |     8 ||    12
  Eat: Chunk             |       |     4 |     7 ||    11
       Ration            |       |       |     1 ||     1
Armor: Chain mail        |    48 |    14 |       ||    62
       Plate armour      |       |    31 |   121 ||   152
       Skin              |       |     9 |       ||     9
Dodge: Dodged            |    25 |    24 |    42 ||    91
Block: Shield            |    34 |    51 |   203 ||   288
       Rpst.: Long sword |     4 |     6 |     7 ||    17

Table legend:
 A = Non-vault XP
 B = Vault XP
 C = Vault XP percentage of total XP
 D = Non-vault monster count
 E = Vault monster count
 F = Vault count percentage of total count
                 A         B        C        D         E       F
            +---------+---------+-------+---------+---------+-------
      Total |    2133 |     797 |  27.2 |     136 |      20 |  12.8
            +---------+---------+-------+---------+---------+-------
        D:1 |      46 |       5 |   9.8 |      24 |       3 |  11.1
        D:2 |     181 |     245 |  57.5 |      20 |       2 |   9.1
        D:3 |     389 |       0 |   0.0 |      37 |       0 |   0.0
        D:4 |     372 |      38 |   9.3 |      19 |      12 |  38.7
        D:5 |     746 |       0 |   0.0 |      15 |       0 |   0.0
        D:6 |     307 |     509 |  62.4 |      16 |       3 |  15.8
        D:7 |      92 |       0 |   0.0 |       5 |       0 |   0.0
            +---------+---------+-------+---------+---------+-------
